 Dungeon Crawl Stone Soup version 0.21.1-1-g345015f (webtiles) character file.

58 tidbits the Insei (level 4, 8/34 HPs)
             Began as a Gnoll Transmuter on Mar 14, 2018.
             Quit the game on level 3 of the Dungeon.
             The game lasted 00:04:29 (484 turns).

tidbits the Insei (Gnoll Transmuter)                 Turns: 484, Time: 00:04:30

Health: 8/34       AC:  2    Str: 12    XL:     4   Next: 2%
Magic:  2/11       EV: 15    Int: 17    God:
Gold:   54         SH:  4    Dex: 15    Spells: 7/13 levels left

rFire    . . .     SeeInvis .     - Unarmed
rCold    . . .     Gourm    .   (no shield)
rNeg     . . .     Faith    .   b - +0 robe
rPois    .         Spirit   .   (no helmet)
rElec    .         Reflect  +   (no cloak)
rCorr    .         Harm     .   (no gloves)
MR       .....                  (boots currently unavailable)
Stlth    ++........             j - +4 amulet of reflection
HPRegen  0.11/turn              (no ring)
MPRegen  0.12/turn              (no ring)

@: seriously poisoned (8 -> 1), appendage, very slightly contaminated
A: distributed training, fangs 1, talons 3, strong nose
a: End Transformation


You were on level 3 of the Dungeon.
You were not hungry.
You had grown temporary talons.
You visited 1 branch of the dungeon, and saw 3 of its levels.

You collected 54 gold pieces.

Inventory:

Hand Weapons
 h - a +0 dagger
Missiles
 a - 8 arrows
 f - 51 stones (quivered)
Armour
 b - a +0 robe (worn)
Jewellery
 j - a +4 amulet of reflection (around neck)
   (You found it on level 2 of the Dungeon)
Scrolls
 g - 2 scrolls of remove curse {unknown}
 i - a scroll of immolation {unknown}
Potions
 e - a potion of magic
Books
 c - a book of Changes

   Spells                             Type                      Level
   a - Beastly Appendage              Transmutation                1
   b - Sticks to Snakes               Transmutation                2
   c - Spider Form                    Transmutation/Poison         3
   d - Ice Form                       Ice/Transmutation            4
   e - Blade Hands                    Transmutation                5
Comestibles
 d - 3 rations


   Skills:
 + Level 2.6 Fighting
 + Level 1.0 Short Blades
 + Level 1.0 Long Blades
 + Level 1.0 Axes
 + Level 1.0 Maces & Flails
 + Level 1.0 Polearms
 + Level 1.0 Staves
 + Level 1.0 Slings
 + Level 1.0 Bows
 + Level 1.0 Crossbows
 + Level 1.0 Throwing
 + Level 1.0 Armour
 + Level 4.6 Dodging
 + Level 1.0 Stealth
 + Level 1.0 Shields
 + Level 6.5 Unarmed Combat
 + Level 5.0 Spellcasting
 + Level 0.7 Conjurations
 + Level 0.7 Hexes
 + Level 0.7 Charms
 + Level 0.7 Summonings
 + Level 0.7 Necromancy
 + Level 0.7 Translocations
 + Level 3.8 Transmutations
 + Level 0.7 Fire Magic
 + Level 0.7 Ice Magic
 + Level 0.7 Air Magic
 + Level 0.7 Earth Magic
 + Level 0.7 Poison Magic
 + Level 1.0 Invocations
 + Level 1.0 Evocations


You had 7 spell levels left.
You knew the following spells:

 Your Spells              Type           Power        Failure   Level  Hunger
e - Beastly Appendage     Tmut           ###...       3%          1    None
k - Sticks to Snakes      Tmut           ###.....     4%          2    #......
p - Spider Form           Tmut/Pois      ##........   17%         3    ###....


Dungeon Overview and Level Annotations

Branches:
Dungeon (3/15)

Altars:

Annotations:
D:3 jazmu's ghost, amateur DsSk


Innate Abilities, Weirdness & Mutations

Your experience applies equally to all skills.
You have very sharp teeth.
Your uncanny sense of smell can sniff out nearby items.
You have claws for feet.


Message History

You hit the adder.
The adder is poisoned.
The adder is heavily wounded.
The adder closely misses you.
You hit the adder but do no damage.
The adder looks even sicker.
The adder is severely wounded.
You kill the adder!
You hit the ooze.
The ooze is moderately wounded.
The ooze closely misses you.
You hit the ooze.
The ooze is heavily wounded.
The ooze completely misses you.
You bite the ooze!
You kill the ooze!
Your Short Blades skill increases to level 1!
Your Long Blades skill increases to level 1!
Your Axes skill increases to level 1!
Your Maces & Flails skill increases to level 1!
Your Polearms skill increases to level 1!
Your Staves skill increases to level 1!
Your Slings skill increases to level 1!
Your Bows skill increases to level 1!
Your Crossbows skill increases to level 1!
Your Throwing skill increases to level 1!
Your Armour skill increases to level 1!
Your Stealth skill increases to level 1!
Your Shields skill increases to level 1!
Your Evocations skill increases to level 1!
Your transformation is almost over.
Your transformation has ended.
Your +0 robe unmelds from your body.
Found a scroll labeled REILLO VIOSMO. 2 orcs come into view.
The orc shouts!
You hear a shout!
An orc wizard comes into view. It is wielding a dagger of venom.
An orc comes into view. It is wielding a club.
You see here a scroll labeled REILLO VIOSMO.
Casting: Sticks to Snakes
Confirm with . or Enter, or press ? or * to list all spells.
You miscast Spider Form.
Multicoloured lights dance before your eyes!
Casting: Spider Form
Confirm with . or Enter, or press ? or * to list all spells.
You don't have enough magic to cast that spell.
g - 2 scrolls labeled REILLO VIOSMO (gained 1)
The orc completely misses you.
Casting: Spider Form
Confirm with . or Enter, or press ? or * to list all spells.
Your feet morph into talons.
The orc hits you.
You hit the orc.
You kill the orc!
The orc wizard casts a spell.
The orc wizard blinks!
The orc misses you.
You hit the orc but do no damage. Your kick misses the orc.
You hit the orc but do no damage. You punch the orc, but do no damage.
The orc wizard gestures wildly while chanting.
The orc wizard seems to speed up.
The orc hits you with a club.
You hit the orc.
The orc is lightly wounded.
The orc misses you.
You hit the orc.
The orc is severely wounded.
The orc hits you but does no damage.
You hit the orc. Your kick misses the orc.
The orc is almost dead.
The orc closely misses you.
You hit the orc but do no damage. Your kick misses the orc.
The orc is almost dead.
You closely miss the orc.
You kill the orc!
You have reached level 4!
You feel clever.
You hit the orc wizard but do no damage.
Your kick misses the orc wizard. The orc wizard barely misses you.
You closely miss the orc wizard. Your kick misses the orc wizard.
The orc wizard points at you and mumbles some strange words.
The magic dart hits you!
You hit the orc wizard but do no damage.
The orc wizard hits you with a dagger of venom.
The orc wizard misses you.
You hit the orc wizard but do no damage.
You claw the orc wizard.
You punch the orc wizard, but do no damage.
You bite the orc wizard, but do no damage.
The orc wizard is moderately wounded.
The orc wizard gestures at you while chanting.
The magic dart hits you!
* * * LOW HITPOINT WARNING * * *
You closely miss the orc wizard.
The orc wizard is moderately wounded.
The orc wizard casts a spell at you. The magic dart hits you!
* * * LOW HITPOINT WARNING * * *
The orc wizard misses you.
You miss the orc wizard.
You claw the orc wizard, but do no damage.
The orc wizard is moderately wounded.
The orc wizard hits you but does no damage.
You are poisoned.
Okay, then.
Are you sure you want to abandon this character and quit the game? (Confirm with "yes".)

# .# #.#
#..####.#
###
#....oo###..
##.####@#.#
##.# #.# #.#
#.# #.# #.#
#.# #.# #


You could see an orc wizard and an orc.

Vanquished Creatures
  A gnoll (D:1)
  An adder (D:3)
  An ooze (D:3)
  A dart slug (D:1)
  A leopard gecko (D:2)
  2 orcs (D:3)
  3 bats
  2 giant cockroaches
  2 goblins (D:1)
  A hobgoblin (D:1)
  2 jackals (D:1)
  5 kobolds
  2 frilled lizards
  5 rats
29 creatures vanquished.

Vanquished Creatures (collateral kills)
  A dart slug (D:3)
1 creature vanquished.

Grand Total: 30 creatures vanquished

Notes
Turn   | Place    | Note
-------+----------+-------------------------------------------
     0 | D:1      | tidbits the Gnoll Transmuter began the quest for the Orb.
     0 | D:1      | Reached XP level 1. HP: 17/17 MP: 6/6
    76 | D:1      | Reached XP level 2. HP: 3/23 MP: 5/7
    86 | D:1      | HP: 2/23 [goblin/club (2)]
    98 | D:1      | Reached XP level 3. HP: 3/28 MP: 9/9
   102 | D:1      | Learned a level 2 spell: Sticks to Snakes
   106 | D:1      | Learned a level 3 spell: Spider Form
   141 | D:1      | Reached skill level 5 in Spellcasting
   222 | D:3      | Noticed jazmu's ghost (amateur DsSk)
   416 | D:3      | Reached skill level 1 in Invocations
   442 | D:3      | Reached skill level 1 in Short Blades
   442 | D:3      | Reached skill level 1 in Long Blades
   442 | D:3      | Reached skill level 1 in Axes
   442 | D:3      | Reached skill level 1 in Maces & Flails
   442 | D:3      | Reached skill level 1 in Polearms
   442 | D:3      | Reached skill level 1 in Staves
   442 | D:3      | Reached skill level 1 in Slings
   442 | D:3      | Reached skill level 1 in Bows
   442 | D:3      | Reached skill level 1 in Crossbows
   442 | D:3      | Reached skill level 1 in Throwing
   442 | D:3      | Reached skill level 1 in Armour
   442 | D:3      | Reached skill level 1 in Stealth
   442 | D:3      | Reached skill level 1 in Shields
   442 | D:3      | Reached skill level 1 in Evocations
   477 | D:3      | Reached XP level 4. HP: 28/34 MP: 1/11
   484 | D:3      | Quit the game

Skill      XL: |  1  2  3 |
---------------+----------+-----
Spellcasting   | 5 |  5.0
Invocations    | 1 |  1.0
Short Blades   | 1 |  1.0
Long Blades    | 1 |  1.0
Axes           | 1 |  1.0
Maces & Flails | 1 |  1.0
Polearms       | 1 |  1.0
Staves         | 1 |  1.0
Slings         | 1 |  1.0
Bows           | 1 |  1.0
Crossbows      | 1 |  1.0
Throwing       | 1 |  1.0
Armour         | 1 |  1.0
Stealth        | 1 |  1.0
Shields        | 1 |  1.0
Evocations     | 1 |  1.0
Fighting       | |  2.6
Dodging        | |  4.6
Unarmed Combat | |  6.5
Conjurations   | |  0.7
Hexes          | |  0.7
Charms         | |  0.7
Summonings     | |  0.7
Necromancy     | |  0.7
Translocations | |  0.7
Transmutations | |  3.8
Fire Magic     | |  0.7
Ice Magic      | |  0.7
Air Magic      | |  0.7
Earth Magic    | |  0.7
Poison Magic   | |  0.7

Action                   |  1- 3 |  4- 6 || total
-------------------------+-------+-------++-------
Melee: Unarmed           |    64 |     6 ||    70
       Headbutt          |    10 |       ||    10
       Bite              |     2 |     1 ||     3
       Punch             |     2 |     1 ||     3
       Kick              |     5 |     2 ||     7
 Cast: Beastly Appendage |    13 |       ||    13
       Sticks to Snakes  |     4 |       ||     4
       Spider Form       |     1 |       ||     1
  Use: Potion            |     1 |       ||     1
 Stab: Sleeping          |     1 |       ||     1
Armor: Robe              |     7 |     1 ||     8
Dodge: Dodged            |    38 |     3 ||    41
Block: Other             |     2 |       ||     2

Table legend:
 A = Turns spent in this place as a percentage of turns spent in the entire game.
 B = Non-inter-level travel turns spent in this place as a percentage of non-inter-level travel turns spent in the entire game.
 C = Inter-level travel turns spent in this place as a percentage of turns spent in this place.
 D = Turns resting spent in this place as a percentage of non-inter-level travel turns spent in this place.
 E = Turns spent auto-exploring this place as a percentage of non-inter-level travel turns spent in this place.
 F = Non-inter-level travel turns spent in this place divided by the number of levels of this place that you've seen.
                   A       B       C       D       E      F
               +-------+-------+-------+-------+-------+----------------------
         Total | 100.0 | 100.0 |   3.3 |   0.0 |   0.0 | 156.0
       Dungeon | 100.0 | 100.0 |   3.3 |   0.0 |   0.0 | 156.0
               +-------+-------+-------+-------+-------+----------------------

Table legend:
 A = Kills in this place as a percentage of kills in entire the game.
 B = Kills by you in this place as a percentage of kills by you in the entire game.
 C = Kills by friends in this place as a percentage of kills by friends in the entire game.
 D = Other kills in this place as a percentage of other kills in the entire game.
 E = Experience gained in this place as a percentage of experience gained in the entire game.
 F = Experience gained in this place divided by the number of levels of this place that you have seen.
                   A       B       C       D       E      F
               +-------+-------+-------+-------+-------+----------------------
         Total | 100.0 | 100.0 | 100.0 |   N/A | 100.0 |  28.0
       Dungeon | 100.0 | 100.0 | 100.0 |   N/A | 100.0 |  28.0
               +-------+-------+-------+-------+-------+----------------------

Vault maps used:
D:1:      dpeg_arrival_rooms_b
D:2:      first_ration, yredelemnul_altar_generic
D:3:      goddamned_bats, uniq_natasha
